Map: Abyssal Reef LE

Players

Kelazhur - Winner!

  • Race: Terran Terran
  • Spawn Location: 5:00

HateMe

  • Race: Zerg Zerg
  • Spawn Location: 11:00

Event: WCS Valencia 2017

VOD

Have the link to the VOD?

Description

Time

  • Played on: July 13, 2017, 12:42 p.m.
  • Length: 12:30

All games in this series

Show
View Real Time Build Order
Export as new Build Order

Kelazhur Terran - Winner!

Build Orders: Bio Mine, Hellion Banshee 

Get SALT Encoding   

  12  0:00  SCV  
  13  0:12  SCV  
  14  0:17  Supply Depot  
  14  0:25  SCV  
  15  0:38  SCV  
  15  0:40  Barracks  
  16  0:43  Refinery  
  16  0:50  SCV  
  17  1:02  SCV  
  18  1:15  SCV  
  19  1:28  Orbital Command, Marine  
  20  1:38  Command Center  
  20  1:46  Marine  
  21  1:50  Supply Depot  
  21  1:54  SCV  
  22  2:05  Factory  
  22  2:06  SCV  
  23  2:17  Barracks Reactor, Refinery  
  23  2:18  SCV  
  24  2:30  SCV  
  25  2:42  SCV  
  26  2:50  Starport  
  26  2:51  Orbital Command  
  26  2:54  SCV  
  26  2:56  Hellion  
  26  2:57  Hellion  
  31  3:01  Barracks Tech Lab  
  31  3:07  SCV  
  32  3:17  SCV  
  32  3:18  Hellion x2  
  32  3:19  SCV  
  38  3:22  Supply Depot  
  38  3:29  SCV  
  38  3:31  SCV  
  38  3:32  Cloaking Field  
  40  3:36  Banshee  
  44  3:41  SCV  
  44  3:43  SCV  
  45  3:50  Hellion x2  
  45  3:52  Supply Depot  
  45  3:53  SCV  
  45  3:55  SCV  
  51  4:05  SCV  
  51  4:07  SCV  
  53  4:15  Supply Depot  
  53  4:17  SCV  
  53  4:18  Banshee  
  53  4:19  SCV  
  58  4:27  Command Center  
  58  4:29  SCV  
  58  4:31  Barracks Tech Lab, SCV  
  60  4:38  Supply Depot  
  60  4:42  SCV  
  60  4:43  SCV  
  60  4:44  Factory Reactor  
  62  4:45  Barracks  
  62  4:47  Barracks  
  62  4:51  Marine  
  62  4:52  Stimpack  
  63  4:54  SCV  
  63  4:55  SCV  
  65  5:06  SCV  
  66  5:08  SCV  
  66  5:09  Marine, Engineering Bay x2  
  66  5:10  Refinery  
  66  5:11  Starport Reactor  
  68  5:16  Refinery  
  68  5:18  SCV  
  68  5:20  SCV  
  70  5:25  Supply Depot  
  70  5:27  Marine  
  71  5:30  SCV  
  71  5:32  SCV  
  73  5:37  Marine x2  
  73  5:39  Terran Infantry Armor Level 1, Terran Infantry Weapons Level 1  
  73  5:40  Orbital Command  
  73  5:42  SCV  
  76  5:44  SCV, Marine  
  76  5:45  Marine x2  
  76  5:47  Factory Reactor  
  76  5:48  Medivac x2  
  84  5:54  SCV  
  84  5:56  SCV  
  86  6:00  Barracks  
  86  6:01  Barracks  
  86  6:02  Orbital Command, Marine x2  
  86  6:03  Marine x3  
  91  6:06  SCV  
  91  6:08  SCV  
  91  6:09  Armory  
  93  6:18  SCV  
  93  6:20  Marine x3  
  93  6:21  Marine  
  98  6:30  Marine  
  98  6:31  SCV x2  
  101  6:39  Supply Depot  
  101  6:40  Supply Depot  
  101  6:49  Barracks Reactor x2  
  101  6:52  Supply Depot  
  101  6:53  Combat Shields  
  101  7:00  Marine x3, SCV x3  
  101  7:01  Marauder, Marine, Medivac x2  
  109  7:02  Supply Depot  
  109  7:06  Widow Mine  
  109  7:08  Widow Mine  
  113  7:18  Marine x3  
  113  7:19  Marine  
  113  7:21  SCV, Marine  
  103  7:31  Marine  
  103  7:32  Marine x3  
  103  7:36  Marine x3  
  107  7:40  Marauder  
  107  7:42  Marine  
  107  7:45  Medivac x2, Terran Infantry Weapons Level 2  
  107  7:46  Factory  
  107  7:47  SCV, Barracks  
  107  7:48  SCV  
  107  7:49  SCV  
  107  7:50  Barracks  
  112  7:53  Supply Depot x2  
  112  7:55  Supply Depot  
  112  7:56  Marine  
  112  7:57  Marine x6  
  119  7:58  Widow Mine  
  119  7:59  SCV  
  119  8:01  SCV, Widow Mine  
  119  8:03  Marine  
  126  8:09  Marauder  
  125  8:19  Marine x7  
  131  8:21  Marine  
  130  8:27  Widow Mine  
  130  8:30  Marine, Widow Mine  
  130  8:31  Terran Infantry Armor Level 2  
  130  8:32  Command Center  
  130  8:36  Marine  
  130  8:38  Marine x8  
  130  8:41  Drilling Claws, Widow Mine  
  137  8:47  Marine, Medivac x2  
  142  8:48  Marauder  
  142  8:54  Marine  
  140  8:55  Marine  
  140  8:59  Barracks Reactor, Barracks Tech Lab  
  140  9:02  Marine x4  
  145  9:04  Supply Depot  
  145  9:06  Refinery, Terran Vehicle Weapons Level 1  
  145  9:07  Concussive Shells, Supply Depot  
  145  9:08  Marine  
  145  9:09  Supply Depot  
  148  9:10  Marauder  
  148  9:12  Widow Mine x2  
  150  9:25  Marauder  
  150  9:28  Medivac  
  150  9:29  Medivac  
  152  9:43  Marine  
  152  9:44  Marauder  
  153  9:51  Marauder, Marine x9, Widow Mine x2  
  149  10:01  Marine  
  149  10:06  Marauder  
  146  10:08  Marine  
  146  10:10  Missile Turret  
  145  10:15  Marine x9, Supply Depot  
  145  10:19  Marine  
  155  10:21  Medivac  
  155  10:26  Marine  
  155  10:27  Marine  
  159  10:31  Planetary Fortress  
  159  10:32  Missile Turret  
  159  10:33  Marine x3  
  159  10:34  Marine x2, Missile Turret  
  159  10:35  Marauder, Marine x3  
  169  10:36  Marine  
  169  10:39  Supply Depot  
  170  10:44  Marine x2, Refinery  
  170  10:45  Thor  
  169  10:50  Widow Mine x2  
  169  10:51  Marine x3  
  169  10:52  Marine x2  
  169  10:56  Marauder  
  178  11:03  Marauder  
  171  11:09  Marine x5  
  164  11:16  Command Center  
  164  11:17  Marauder, Medivac x2  
  170  11:22  Marine x5  
  170  11:25  Widow Mine x2  
  174  11:26  Marine  
  174  11:27  Marine x2  
  174  11:28  Thor  
  174  11:31  Supply Depot  
  185  11:36  Barracks Tech Lab  
  185  11:39  Marauder  
  183  11:41  Marine x2  
  185  11:47  Medivac x2  
  182  11:54  Marine  
  182  11:56  Widow Mine x2  
  182  11:57  Marine  
  182  11:58  Marauder, Marine x6  
  182  11:59  Marine x2  
  182  12:00  Marauder  
  190  12:12  Marine  
Show
View Real Time Build Order
Export as new Build Order

HateMe Zerg 

Build Orders: Hatch First, Muta Ling Bane 

Get SALT Encoding   

  12  0:02  Drone  
  13  0:12  Overlord  
  13  0:17  Drone  
  14  0:31  Drone x2  
  16  0:35  Drone  
  17  0:52  Hatchery  
  17  0:55  Drone  
  17  0:58  Drone  
  17  1:01  Extractor  
  17  1:14  Spawning Pool  
  17  1:16  Drone  
  17  1:20  Drone  
  18  1:28  Drone  
  19  1:40  Overlord  
  19  1:49  Drone  
  20  2:00  Queen  
  22  2:03  Metabolic Boost  
  22  2:04  Queen  
  22  2:06  Zergling x2  
  22  2:07  Zergling x2  
  26  2:14  Overlord  
  26  2:16  Drone  
  26  2:21  Drone  
  28  2:33  Drone x2  
  28  2:36  Queen  
  32  2:38  Overlord  
  32  2:44  Queen  
  32  2:46  Drone  
  32  2:49  Drone  
  36  2:58  Drone x2  
  38  3:06  Drone  
  38  3:08  Drone x2  
  38  3:09  Drone x2  
  38  3:11  Drone  
  44  3:20  Hatchery  
  44  3:26  Overlord  
  43  3:28  Drone  
  44  3:34  Overlord  
  44  3:47  Drone x6  
  50  3:53  Overlord  
  50  3:54  Queen x2  
  54  3:57  Zergling x4  
  54  4:00  Zergling x2  
  54  4:01  Zergling x2  
  58  4:06  Extractor  
  58  4:07  Drone  
  58  4:08  Drone  
  58  4:09  Zergling x2  
  59  4:17  Overlord  
  59  4:18  Zergling x2  
  60  4:28  Zergling x4  
  60  4:29  Evolution Chamber  
  60  4:31  Evolution Chamber  
  60  4:38  Overlord  
  60  4:41  Spore Crawler  
  60  4:43  Drone  
  60  4:44  Queen, Drone x6  
  60  4:45  Queen  
  70  4:50  Queen  
  71  4:57  Spore Crawler  
  67  5:01  Spore Crawler  
  67  5:04  Zerg Melee Weapons Level 1  
  66  5:09  Drone x3  
  68  5:22  Zerg Ground Armor Level 1  
  68  5:27  Drone x7  
  73  5:32  Overlord  
  73  5:33  Drone x2  
  75  5:40  Spore Crawler  
  74  5:45  Drone x4  
  78  5:55  Lair  
  78  6:02  Drone x2  
  78  6:03  Drone x3  
  83  6:08  Baneling Nest, Hatchery, Drone  
  82  6:12  Drone x3  
  82  6:14  Drone  
  82  6:17  Overlord  
  86  6:19  Extractor  
  86  6:21  Extractor x2, Drone  
  86  6:23  Extractor  
  86  6:24  Overlord  
  83  6:26  Drone x2  
  83  6:28  Drone  
  83  6:29  Drone  
  87  6:35  Drone x5  
  87  6:36  Drone  
  87  6:39  Overlord  
  93  6:42  Zergling x4  
  95  6:52  Zergling x6  
  98  6:55  Centrifical Hooks  
  98  6:57  Zergling x14  
  98  6:59  Baneling x6  
  105  7:03  Zergling x2  
  105  7:06  Baneling x3  
  106  7:14  Zergling x10  
  101  7:18  Zergling x2  
  101  7:19  Zergling x2  
  98  7:23  Drone  
  98  7:24  Drone x4  
  97  7:33  Overlord  
  96  7:38  Drone  
  90  7:44  Zerg Melee Weapons Level 2  
  90  7:45  Zerg Ground Armor Level 2  
  90  7:50  Overlord  
  87  7:51  Drone x4  
  87  7:52  Drone x6  
  97  8:05  Spire, Overlord  
  96  8:06  Zergling x2  
  96  8:07  Zergling x6  
  96  8:11  Baneling x4  
  101  8:12  Zergling x2  
  101  8:13  Zergling x12  
  99  8:23  Zergling x6  
  96  8:34  Zergling x8  
  94  8:42  Zergling x12  
  94  8:43  Zergling x12  
  94  8:44  Baneling x12  
  94  8:45  Baneling  
  94  8:46  Zergling x4  
  108  8:48  Spore Crawler  
  108  8:52  Overseer  
  108  8:53  Overseer  
  107  8:56  Burrow, Pneumatized Carapace  
  107  8:57  Zergling x2  
  107  8:58  Zergling x6  
  110  9:04  Zergling x4  
  112  9:10  Zergling x8  
  116  9:21  Mutalisk x4, Zerg Flyer Weapons Level 1  
  124  9:26  Overlord  
  124  9:27  Overlord  
  124  9:29  Mutalisk x7  
  138  9:34  Mutalisk x2  
  138  9:46  Mutalisk x2  
  134  9:57  Mutalisk  
  127  10:06  Mutalisk  
  123  10:09  Mutalisk  
  123  10:12  Drone x2  
  123  10:13  Drone x2  
  124  10:15  Mutalisk  
  124  10:20  Zergling x16  
  124  10:21  Zergling x12  
  140  10:23  Baneling  
  140  10:24  Baneling x4  
  140  10:31  Mutalisk  
  140  10:33  Hatchery, Zergling x6  
  144  10:38  Queen  
  144  10:42  Zergling x8  
  146  10:46  Mutalisk x2  
  148  10:50  Zergling x10  
  148  10:51  Overseer  
  149  10:58  Zergling x14  
  149  11:00  Baneling x8  
  148  11:07  Zergling x6  
  148  11:08  Baneling  
  148  11:09  Baneling x3  
  143  11:21  Mutalisk x2  
  143  11:23  Zergling x16  
  151  11:26  Baneling x5  
  151  11:38  Zergling x14  
  151  11:39  Zergling x2  
  140  11:43  Baneling x11  
  140  11:50  Zergling x22  
  142  12:04  Zergling x14  
  142  12:07  Baneling x5  
Tags
 
Add a new tag
Caveats
  • Supply blocks, unpowered buildings, or Contaminate may cause inaccurate times.
  • Supply counts are checked every 10 seconds.